 Dungeon Crawl Stone Soup version 0.28-a0-793-g31680bbd8b (webtiles) character file.

Game seed: 13312035738684033246

44 horus123 the Unweaver (level 3, -3/29 HPs)
             Began as a Demonspawn Abyssal Knight on Nov 5, 2021.
             Was a Follower of Lugonu.
             Slain by an iguana (11 damage)
             ... on level 2 of the Dungeon.
             The game lasted 00:02:22 (1339 turns).

horus123 the Unweaver (Demonspawn Abyssal Knight)   Turns: 1339, Time: 00:02:22

Health: -3/29      AC:  3    Str: 13    XL:     3   Next: 41%
Magic:  6/6        EV: 15    Int: 12    God:    Lugonu [*.....]
Gold:   97         SH:  0    Dex: 13    Spells: 1/2 levels left

rFire   . . .      SeeInvis .   f - +0 flail
rCold   . . .      Faith    .   (no shield)
rNeg    . . .      Spirit   .   b - +0 leather armour
rPois   .          Reflect  .   (no helmet)
rElec   .          Harm     .   (no cloak)
rCorr   .          Rampage  .   (no gloves)
Will    .....                   (no boots)
Stlth   +.........              (no amulet)
HPRegen 0.09/turn               g - +4 ring of evasion
MPRegen 0.10/turn               (no ring)

@: flying
A: powered by pain 1, demonic touch 1
a: Renounce Religion, Depart the Abyss


You were on level 2 of the Dungeon.
You worshipped Lugonu.
Lugonu was aware of your devotion.
You visited 1 branch of the dungeon, and saw 2 of its levels.
You visited the Abyss 1 time.

You collected 97 gold pieces.

Inventory:

Hand Weapons
 a - a +1 mace
 f - a +0 flail (weapon)
Armour
 b - a +0 leather armour (worn)
Jewellery
 g - a +4 ring of evasion (left hand)


   Skills:
 - Level 3.1 Fighting
 - Level 2.0 Maces & Flails
 - Level 1.7 Armour
 - Level 0.8 Dodging
 + Level 4.7 Invocations


You had one spell level left.
You knew the following spells:

 Your Spells              Type           Power      Damage    Failure   Level
a - Beastly Appendage     Tmut           0%         N/A       38%         1

Your spell library contained the following spells:

 Spells                   Type           Power      Damage    Failure   Level
 Wereblood                Tmut           0%         N/A       54%         2
 Gell's Gravitas          Tloc           0%         N/A       77%         3
 Lesser Beckoning         Tloc           0%         N/A       77%         3
 Spider Form              Tmut/Pois      0%         N/A       77%         3
 Teleport Other           Tloc           0%         N/A       77%         3


Dungeon Overview and Level Annotations

Branches:
Dungeon (2/15)

Altars:


Innate Abilities, Weirdness & Mutations

You sometimes gain a little power by taking damage.
Your touch may inflict minor irresistible damage on your foes.


Message History

The ball python barely misses you. x2
A goblin comes into view. It is wielding a +0 club.
The ball python closely misses you. The ball python completely misses you.
You barely miss the ball python.
The ball python is severely wounded.
The goblin shouts!
The ball python misses you. The ball python grabs you.
The ball python constricts you. The goblin hits you with a +0 dagger.
The iguana bites you!
You are too injured to fight recklessly!
You are too injured to fight recklessly!
Unknown command.
You escape the ball python's grasp.
The goblin hits you but does no damage. The goblin hits you with a +0 dagger.
The ball python bites you but does no damage.
The ball python grabs you. The ball python constricts you.
You escape the ball python's grasp.
The ball python bites you. The ball python completely misses you.
The ball python bites you but does no damage.
The ball python barely misses you.
You hit the ball python.
You kill the ball python!
Lugonu accepts your kill.
It was a potion of flight.
You feel very buoyant.
You fly up into the air.
Okay, then.
It was a potion of curing.
You feel better. The goblin closely misses you.
You sock the goblin!
You kill the goblin!
Lugonu accepts your kill. The iguana misses you.
You closely miss the iguana.
You touch the iguana.
The iguana is lightly wounded.
The iguana bites you!
* * * LOW HITPOINT WARNING * * *
You hit the iguana but do no damage.
You touch the iguana.
The iguana is heavily wounded.
The iguana bites you!
You die...

..........########
######g######## #l.......#
#........+ .......
########........# ........
#......g.######.. #.........
+........# #.........
#.......#########.#.........
+........gl@......#.........
###.......###########.........
#........## .........
+........#### ######.....
#............. #_.........
#........##### #.####.#...
#........# #.# #†####
#..####### ###'####..... #..#
#############.......#####


You could see an iguana and a goblin.

Vanquished Creatures
  2 dart slugs (D:2)
  4 endoplasms
  3 giant cockroaches
  2 goblins
  2 hobgoblins (D:1)
  A quokka (D:1)
  3 ball pythons
  A bat (D:1)
  5 frilled lizards (D:1)
  3 kobolds (D:1)
  3 rats
29 creatures vanquished.

Vanquished Creatures (collateral kills)
  An adder (D:2)
  A bat (D:2)
2 creatures vanquished.

Grand Total: 31 creatures vanquished

Notes
Turn   | Place    | Note
-------+----------+-------------------------------------------
     0 | Abyss:1  | horus123 the Demonspawn Abyssal Knight began the quest for
                  | the Orb.
     0 | Abyss:1  | Reached XP level 1. HP: 18/18 MP: 2/2
    64 | Abyss:1  | Noticed a large abomination
    65 | D:1      | Escaped the Abyss
   229 | D:1      | Reached * piety under Lugonu
   377 | D:1      | Reached skill level 3 in Invocations
   377 | D:1      | Gained mutation: You sometimes gain a little power by
                  | taking damage. [demonic ancestry]
   377 | D:1      | Reached XP level 2. HP: 24/24 MP: 2/4
   673 | D:1      | Learned a level 1 spell: Beastly Appendage
  1228 | D:2      | Found a faded altar of an unknown god.
  1238 | D:2      | Reached skill level 4 in Invocations
  1280 | D:2      | Gained mutation: Your touch may inflict minor irresistible
                  | damage on your foes. [demonic ancestry]
  1280 | D:2      | Reached XP level 3. HP: 29/29 MP: 6/6
  1339 | D:2      | Slain by an iguana

Illustrated notes

Levels and vault maps discovered:
D:1:      elethiomel_arrival_infinity_welcomes_careful_drivers, layout_basic,
          chequers_serial_rivers_micro_b, corner_web_ring, st_stairs_2,
          serial_bayou_crossing
D:2:      layout_basic, basic_ecumenical_altar, minmay_misc_feat_five,
          eino_tiny_chamber

Skill      XL: |  1  2 |
---------------+-------+-----
Maces & Flails | 2 |  2.0
Invocations    | 3 4 |  4.7
Fighting       | |  3.1
Armour         | |  1.7
Dodging        | |  0.8

Action                   || total
-------------------------++-------
Melee: Mace              ||    24
       Flail             ||    47
       Touch             ||     3
Invok: Depart the Abyss  ||     1
  Use: Scroll            ||     2
       Potion            ||     2
 Stab: Sleeping          ||     1
       Distracted        ||     1
Armor: Leather armour    ||    15
Dodge: Dodged            ||    51

Table legend: (Time is in decaauts)
 A = Elapsed time spent in this place.
 B = Non-inter-level travel time spent in this place.
 C = Inter-level travel time spent in this place.
 D = Time resting spent in this place.
 E = Time spent auto-exploring this place.
 F = Levels seen in this place.
 G = Mean time per level.
                   A        B        C        D        E       F      G
               +--------+--------+--------+--------+--------+-----+--------+
         Total |   1363 |   1351 |     12 |      0 |   1119 |   3 |  454.3 |
       Dungeon |   1298 |   1286 |     12 |      0 |   1056 |   2 |  649.0 |
         Abyss |     65 |     65 |      0 |      0 |     63 |   1 |   65.0 |
               +--------+--------+--------+--------+--------+-----+--------+

Top non-repeatable levels by time:
     D:1: 1157 daAuts
     D:2: 141 daAuts
 Abyss:1: 65 daAuts
